cohdb
Replays
Latest Replays
All Replays
Popular Replays
Top Player Replays
Match Explorer
How It Works
Community
CoH3 Stats
Reddit
Sign in to upload your games and track your stats! →
Sign in with Steam
Match 44139298
Unlisted
Match 44139298
Overview
Messages
Build Orders
End
Construct Barracks
Scout Squad
Selects Airborne Battlegroup
1⁄4-ton 4x4 Truck
Riflemen Squad
Riflemen Squad
Riflemen Squad
Riflemen Squad
Grenade Package
Infantry Support Center
Selects Smoke Bombing Run
Construct Motor Pool
Construct Medical Station
Selects Supply Drop
Selects Dual P-47 Rocket Strike
MähnGiL
Barbarossa
0
0
Comments
sign in to comment!
No comments posted yet!